 Dungeon Crawl Stone Soup version 0.30-a0-1074-g5db6f66fbb (webtiles) character file.

Game seed: 1770467743997485016

4620 Dittersdorf the Fighter (level 10, -12/65 HPs)
             Began as a Gargoyle Fighter on Apr 13, 2023.
             Was a Priest of Okawaru.
             Killed from afar by a deep elf pyromancer (27 damage)
             ... with a bolt of fire
             ... on level 8 of the Dungeon.
             The game lasted 00:15:02 (9213 turns).

Dittersdorf the Fighter (Gargoyle Fighter)          Turns: 9213, Time: 00:15:03

Health: -12/65     AC: 21    Str: 23    XL:     10   Next: 42%
Magic:  10/10      EV:  8    Int: 10    God:    Okawaru [***...]
Gold:   502        SH:  5    Dex:  9    Spells: 9/9 levels left

rFire   . . .      SeeInvis .    y - +3 whip (elec)
rCold   + . .      Faith    .    c - +0 buckler
rNeg    + . .      Spirit   .    n - +0 chain mail
rPois   ∞          Reflect  .    A - +1 hat "Pevvoquhi" {+Blink rPois}
rElec   +          Rampage  .    (no cloak)
rCorr   .                        q - +1 pair of gloves
Will    .....                    (no boots) Stlth
                                 m - amulet of magic regeneration
HPRegen 0.30/turn                B - ring of protection from cold
MPRegen 0.52/turn                (no ring)

@: on fire, glowing
A: sickness immunity, AC +7, negative energy resistance 1, electricity
resistance, torment resistance 1, petrification resistance
a: Renounce Religion, Evoke Blink, Heroism


You were on level 8 of the Dungeon.
You worshipped Okawaru.
Okawaru was most pleased with you.
You visited 2 branches of the dungeon, and saw 10 of its levels.
You also visited: Sewer.

You collected 502 gold pieces.

Inventory:

Hand Weapons
 a - a +0 flail of venom
 y - a +3 whip of electrocution (weapon)
Missiles
 t - 7 curare-tipped darts (quivered)
Armour
 c - a +0 buckler (worn)
 n - a +0 chain mail (worn)
 q - a +1 pair of gloves (worn)
 z - a +0 plate armour
 A - the +1 hat "Pevvoquhi" (worn) {+Blink rPois}
   (You acquired it on level 8 of the Dungeon)

   rPois:     It protects you from poison.
   +Blink:    It lets you blink.
Jewellery
 m - an amulet of magic regeneration (around neck)
 B - a ring of protection from cold (left hand)
Wands
 o - a wand of flame (7)
 E - a wand of light (9)
Scrolls
 e - a scroll of poison
 j - 2 scrolls of blinking
 l - 2 scrolls of teleportation
 F - 2 scrolls of fog
 H - a scroll of fear
Potions
 d - 4 potions of might
 h - 4 potions of curing
 i - 3 potions of magic
 k - 5 potions of heal wounds
 p - 3 potions of brilliance
 s - a potion of berserk rage
 w - a potion of haste
 x - 3 potions of invisibility {unknown}
 C - a potion of resistance


   Skills:
 + Level 8.9 Fighting
 + Level 7.7 Maces & Flails
 + Level 8.8 Armour
 + Level 8.9 Shields


You had 9 spell levels left.
You didn't know any spells.
Your spell library contained the following spells:

 Spells                   Type           Power      Damage    Failure   Level
 Sandblast                Erth           0%         2d4       92%         1
 Passwall                 Tmut/Erth      0%         N/A       98%         2
 Stone Arrow              Conj/Erth      0%         3d7       100%        3
 Olgreb's Toxic Radiance  Pois           0%         N/A       100%        4
 Discord                  Hex            0%         N/A       100%        8
 Ignition                 Fire           0%         3d3       100%        8


Dungeon Overview and Level Annotations

Branches:
Dungeon (9/15)             Temple (1/1) D:6           Sewer (visited)
   Lair: D:8-11         Orc: D:9-12

Altars:
Ashenzari
Cheibriados
Dithmenos
Elyvilon
Fedhas
Gozag
Hepliaklqana
Kikubaaqudgha
Nemelex Xobeh
Okawaru
Ru
Sif Muna
Trog
Vehumet
Wu Jian
Xom
Yredelemnul
Zin

Shops:
D:4 (

Annotations:
D:2 1 runed translucent door, Crazy Yiuf


Innate Abilities, Weirdness & Mutations

You are immune to sickness and miasma.
Your stone body is resilient. (AC +7)
You are immune to poison.
You resist negative energy. (rN+)
You are resistant to electric shocks. (rElec)
You are resistant to unholy torment.
You are immune to petrification.


Message History

You whack the deep elf pyromancer!
The deep elf pyromancer is almost dead.
The deep elf pyromancer gestures wildly while chanting.
You miss the deep elf pyromancer.
The deep elf pyromancer is almost dead.
The deep elf pyromancer gestures at you while chanting.
The bolt of fire misses you.
The bolt of fire hits the fire elemental.
The fire elemental completely resists.
You barely miss the deep elf pyromancer.
The deep elf pyromancer is almost dead.
The fire elemental barely misses you.
You barely miss the deep elf pyromancer.
The deep elf pyromancer is almost dead.
The fire elemental closely misses you.
The deep elf pyromancer hits you but does no damage.
You barely miss the deep elf pyromancer.
The deep elf pyromancer is almost dead.
The fire elemental hits you. The fire elemental burns you!
The deep elf pyromancer casts a spell at you.
The bolt of fire hits you!
The bolt of fire hits the fire elemental.
The fire elemental completely resists.
The fire elemental closely misses you.
You hit the deep elf pyromancer.
The deep elf pyromancer is almost dead.
The deep elf pyromancer gestures at you while chanting.
The sticky flame hits you.
You are covered in liquid flames!
The fire elemental hits you. The fire elemental burns you!
You barely miss the deep elf pyromancer.
The deep elf pyromancer is almost dead.
You are covered in liquid flames!
You closely miss the deep elf pyromancer.
The deep elf pyromancer is almost dead.
You are covered in liquid flames!
The fire elemental hits you. The fire elemental burns you!
* * * LOW HITPOINT WARNING * * *
The deep elf pyromancer points at you and mumbles some strange words.
The bolt of fire hits you!!
You die...

#.#########.)§≈≈≈≈≈≈§...# ###.#
##.)≈≈≈≈≈≈≈..#.## .##>#
##............#..###### #.#.#
#......())....##.......
##..#######.#####..###.###.######
##...............## #.....######
##....########.#### #####.##....
#....## ###.##### #....### .##.##
#..Ee@E># #.#### # ###.#
#.#.###[# ##.## # #.# #.#.###.#
##...##### ##'## #.#.....#
#..#...... ##...## #.####..#
#.###.#### #.....## #.## #..#
#..#..# .......##
#..###..#####....## #
........####.......#.........####
........+.....................).'


You could see a deep elf pyromancer and 2 fire elementals.

Vanquished Creatures
  Pikel (D:6)
  A kobold demonologist (D:8)
  A hornet (D:8)
  4 yaks (D:8)
  A steam dragon (D:6)
  A water moccasin (D:6)
  4 orc warriors
  3 ice beasts
  Pargi (D:4)
  4 sky beasts
  3 ogres
  A phantom (D:6)
  2 centaurs
  3 kobold brigands
  A bullfrog (D:4)
  2 scorpions
  3 wights (D:8)
  2 howler monkeys
  An orc priest (D:9)
  3 hounds
  A sleepcap (D:8)
  6 iguanas
  5 orc wizards
  Robin (D:3)
  4 adders
  3 gnolls (D:5)
  6 river rats (Sewer)
  A shadow imp (D:7)
  A white imp (D:6)
  An ufetubus (D:4)
  3 worms
  A dart slug (D:5)
  9 orcs
  8 ball pythons
  8 endoplasms
  4 giant cockroaches
  13 goblins
  11 hobgoblins
  3 quokkas
  3 bats
  5 frilled lizards
  42 kobolds
  20 rats
201 creatures vanquished.

Vanquished Creatures (others)
  22 fungi
  17 plants (D:9)
39 creatures vanquished.

Grand Total: 240 creatures vanquished

Notes
Turn   | Place    | Note
-------+----------+-------------------------------------------
     0 | D:1      | Dittersdorf the Gargoyle Fighter began the quest for the
                  | Orb.
     0 | D:1      | Reached XP level 1. HP: 14/14 MP: 1/1
    59 | D:1      | Found a faded altar of an unknown god.
    66 | D:1      | Reached XP level 2. HP: 19/19 MP: 2/2
   425 | D:1      | Reached XP level 3. HP: 23/23 MP: 3/3
   943 | D:2      | Found a runed translucent door.
   944 | D:2      | Noticed Crazy Yiuf
  1156 | D:2      | Reached XP level 4. HP: 23/29 MP: 4/4
  1518 | D:3      | Noticed Robin
  1920 | D:3      | Killed Robin
  2349 | D:4      | Reached XP level 5. HP: 33/33 MP: 5/5
  2377 | D:4      | Noticed Pargi
  2391 | D:4      | Killed Pargi
  2499 | D:4      | Found Leacs's Weapon Boutique.
  2682 | D:4      | Found a bloodstained altar of Trog.
  2946 | D:5      | Entered Level 5 of the Dungeon
  2987 | D:5      | Found a shadowy altar of Dithmenos.
  2987 | D:5      | Noticed an orc warrior
  3023 | D:4      | Reached XP level 6. HP: 20/39 MP: 6/6
  3173 | D:5      | Reached skill level 5 in Shields
  3212 | D:5      | Reached skill level 5 in Fighting
  3212 | D:5      | Reached skill level 5 in Armour
  3212 | D:5      | Reached XP level 7. HP: 7/44 MP: 7/7
  3214 | D:5      | Found a glowing drain.
  3248 | Sewer    | Entered a sewer
  4474 | D:5      | Reached XP level 8. HP: 45/51 MP: 8/8
  4746 | D:5      | Found an opulent altar of Gozag.
  5259 | D:5      | Reached skill level 5 in Maces & Flails
  5517 | D:6      | Found a staircase to the Ecumenical Temple.
  5527 | Temple   | Entered the Ecumenical Temple
  5546 | Temple   | Became a worshipper of Warmaster Okawaru
  5593 | D:6      | Found a sacrificial altar of Ru.
  6139 | D:6      | Reached XP level 9. HP: 56/56 MP: 9/9
  6282 | D:6      | Noticed Pikel
  6300 | D:6      | Killed Pikel
  6300 | D:6      | Reached * piety under Okawaru
  7029 | D:7      | Reached ** piety under Okawaru
  7430 | D:7      | Identified the +1 dagger of Karma {holy, Stlth+}
  7555 | D:8      | Identified a scroll of acquirement
  7555 | D:8      | Acquired the +1 hat "Pevvoquhi" {+Blink rPois}
  7639 | D:8      | Found an ancient bone altar of Kikubaaqudgha.
  7642 | D:8      | Found an ornate altar of the Wu Jian Council.
  7647 | D:8      | Found a hazy altar of Hepliaklqana.
  7657 | D:8      | Found a basalt altar of Yredelemnul.
  7670 | D:8      | Found a snail-covered altar of Cheibriados.
  7724 | D:8      | Found a glowing silver altar of Zin.
  7992 | D:8      | Reached XP level 10. HP: 64/64 MP: 10/10
  8741 | D:8      | Noticed a kobold demonologist
  8750 | D:8      | Killed a kobold demonologist
  8750 | D:8      | Reached *** piety under Okawaru
  8807 | D:9      | Noticed a deep elf pyromancer
  9213 | D:8      | Killed from afar by a deep elf pyromancer

Illustrated notes

Levels and vault maps discovered:
D:1:      dpeg_arrival_rooms_c, layout_rooms,
          shapermc_ecumenical_altar_acropolis, nicolae_hexahallways
D:2:      layout_rooms, chequers_decorated_corner, minmay_misc_feat_tiny,
          hangedman_decor_peaks_small, uniq_crazy_yiuf_cottage
D:3:      layout_loops_ring, uniq_robin
D:4:      layout_cave_pools, kennysheep_mini, serial_shops,
          nicolae_shop_bloodbath_and_beyond, uniq_pargi
D:5:      layout_basic, lemuel_round_altar, cheibrodos_sewer_entry_drain,
          grunt_ministairs_12, minmay_ruined_shrine
D:6:      layout_basic, nicolae_ru_awakened_eye,
          minmay_temple_entry_drinking_statues, uniq_pikel
D:7:      layout_rooms
D:8:      layout_loops_corners, mainiacjoe_overflow_chevrons,
          minmay_overflow_temple_star_hex, kennysheep_doodads
D:9:      layout_basic, nicolae_uskayaw_dance_studio,
          due_lair_maze_entry_diamond, uniq_prince_ribbit1
Temple:   hellmonk_temple_forest_ring

Skill      XL: |  1  2  3  4  5  6  7  8  9 |
---------------+----------------------------+-----
Shields        | 4 5 6 8 |  8.9
Fighting       | 4 5 6 8 |  8.9
Armour         | 4 5 6 8 |  8.8
Maces & Flails | 3 4 5 7 |  7.7

Action                     |  1- 3 |  4- 6 |  7- 9 | 10-12 || total
---------------------------+-------+-------+-------+-------++-------
  Melee: Flail             |    96 |   204 |   342 |       ||   642
         Whip              |       |       |   194 |   126 ||   320
    Use: Scroll            |       |    11 |     3 |     9 ||    23
 Armour: Scale mail        |    41 |       |       |       ||    41
         Chain mail        |     9 |   200 |   339 |    46 ||   594
  Dodge: Dodged            |    41 |   120 |   178 |    25 ||   364
  Block: Buckler           |    20 |    73 |   125 |    23 ||   241

Table legend: (Time is in decaauts)
 A = Elapsed time spent in this place.
 B = Non-inter-level travel time spent in this place.
 C = Inter-level travel time spent in this place.
 D = Time resting spent in this place.
 E = Time spent auto-exploring this place.
 F = Levels seen in this place.
 G = Mean time per level.
                   A        B        C        D        E       F      G
               +--------+--------+--------+--------+--------+-----+--------+
         Total |   9327 |   8873 |    454 |   1402 |   5237 |  11 |  847.9 |
       Dungeon |   8503 |   8065 |    438 |   1185 |   4988 |   9 |  944.8 |
        Temple |     50 |     34 |     16 |      0 |      0 |   1 |   50.0 |
         Sewer |    772 |    772 |      0 |    217 |    248 |   1 |  772.0 |
               +--------+--------+--------+--------+--------+-----+--------+

Top non-repeatable levels by time:
     D:6: 1717 daAuts
     D:5: 1558 daAuts
     D:8: 1523 daAuts
     D:3: 986 daAuts
   Sewer: 772 daAuts
     D:1: 736 daAuts
     D:4: 682 daAuts
     D:2: 672 daAuts
     D:7: 557 daAuts
     D:9: 68 daAuts
  Temple: 50 daAuts
